 Dungeon Crawl Stone Soup version 0.23.0-3-gf3c87f2 (webtiles) character file.

Game seed: 10450115123823287136

233 lapinsky the Chopper (level 6, -2/53 HPs)
             Began as a Hill Orc Fighter on Feb 19, 2019.
             Killed by divine providence
             ... invoked by an orc priest
              (12 damage)
             ... on level 4 of the Dungeon on Feb 20, 2019.
             The game lasted 00:12:05 (4021 turns).

lapinsky the Chopper (Hill Orc Fighter)             Turns: 4021, Time: 00:12:06

Health: -2/53      AC: 11    Str: 17 (20) XL:     6   Next: 5%
Magic:  6/6        EV:  4    Int:  8      God:
Gold:   121        SH:  8    Dex:  9 (11) Spells: 5/5 levels left

rFire    . . .     SeeInvis .   d - +1 mace (venom)
rCold    . . .     Gourm    .   c - +0 shield
rNeg     . . .     Faith    .   r - +0 chain mail
rPois    .         Spirit   .   (no helmet)
rElec    .         Reflect  .   s - +1 cloak
rCorr    .         Harm     .   (no gloves)
MR       .....                  (no boots)
Stlth    ..........             (no amulet)
HPRegen  0.17/turn              (no ring)
MPRegen  0.10/turn              (no ring)

@: drained
A: no striking features
a: Convert to Beogh


You were on level 4 of the Dungeon.
You were not hungry.

You visited 1 branch of the dungeon, and saw 4 of its levels.

You collected 121 gold pieces.

Inventory:

Hand Weapons
 a - a +0 war axe
 d - a +1 mace of venom (weapon)
Armour
 b - a +0 scale mail
 c - a +0 shield (worn)
 r - a +0 chain mail (worn)
 s - a +1 cloak (worn)
Jewellery
 g - an uncursed amulet of harm
Scrolls
 e - 2 scrolls of remove curse
Potions
 l - a potion of curing {unknown}
 o - a potion of lignification {unknown}
Comestibles
 f - 3 rations


   Skills:
 * Level 4.6(3.8) Fighting
 - Level 5.0(4.3) Axes
 * Level 1.2(2.1) Maces & Flails
 - Level 4.3(3.5) Armour
 * Level 1.2(0.5) Dodging
 - Level 3.9(3.2) Shields


You had 5 spell levels left.
You didn't know any spells.
Your spell library was empty.

Dungeon Overview and Level Annotations

Branches:
Dungeon (4/15)
 Temple: D:4-7

Altars:

Shops:
D:4 *


Message History

You kill the orc!
There is an open door here.
The orc priest miscasts a cantrip.
The orc priest mumbles some strange prayers to Beogh against you.
You barely resist.
Things that are here:
a +0 flail; an orc corpse The orc priest invokes the aid of Beogh against you.
Beogh smites you!
* * * LOW HITPOINT WARNING * * *
As you open the door, it creaks loudly!
There is an open door here.
The orc priest invokes the aid of Beogh against you.
Pain shoots through your body!
* * * LOW HITPOINT WARNING * * *
Found a buckler.
The orc priest begins to cast a cantrip, but forgets the words!
The orc priest calls down the wrath of Beogh upon you.
Beogh smites you!
You die...

...........###.#..#..#.#.#
##.#.##....# #.#..#...<#.#
...#.##....# #.#..#..#.#.#
##.#.##.#### #.#o.#..#.#.#
.o.#.#... #.#..#..#.#.#
####..... #.#..#..#.#.#
##.#### #.#..#..#.# #+
#.#.[#..#.# #@.#..#.#
#..#..# ...# ###.# .# .#
.# .#


You could see an orc priest.

Vanquished Creatures
  An orc priest (D:3)
  2 orc wizards
  6 adders
  3 worms (D:2)
  4 leopard geckos
  13 orcs
  2 ball pythons (D:1)
  7 bats
  2 giant cockroaches
  3 goblins (D:1)
  6 hobgoblins
  6 jackals
  5 kobolds
  A quokka (D:3)
  6 frilled lizards
  4 rats
  A plant (D:1)
72 creatures vanquished.

Notes
Turn   | Place    | Note
-------+----------+-------------------------------------------
     0 | D:1      | lapinsky the Hill Orc Fighter began the quest for the Orb.
     0 | D:1      | Reached XP level 1. HP: 19/19 MP: 1/1
   108 | D:1      | Reached XP level 2. HP: 16/27 MP: 2/2
   518 | D:1      | Reached skill level 3 in Axes
   518 | D:1      | Reached XP level 3. HP: 33/33 MP: 3/3
   918 | D:1      | Upgraded the game from 0.23.0-2-g0fe3ce5 to
                  | 0.23.0-3-gf3c87f2
  1227 | D:2      | Reached XP level 4. HP: 38/40 MP: 4/4
  1333 | D:2      | Reached skill level 4 in Axes
  2338 | D:3      | Reached skill level 1 in Dodging
  2338 | D:3      | Reached XP level 5. HP: 34/47 MP: 5/5
  3128 | D:3      | Reached skill level 5 in Axes
  3493 | D:3      | HP: 1/47 [orc/+0 war axe (7)]
  3957 | D:4      | Found Dick's Assorted Antiques.
  3985 | D:4      | Reached skill level 1 in Maces & Flails
  3985 | D:4      | Reached XP level 6. HP: 23/53 MP: 6/6
  4021 | D:4      | Killed from afar by an orc priest

Skill      XL: |  1  2  3  4  5 |
---------------+----------------+-----
Fighting       | 4 |  4.6
Axes           | 3 4 5 |  5.0
Armour         | 4 |  4.3
Dodging        | 1 |  1.2
Maces & Flails | 1 |  1.2
Shields        | |  3.9

Action                   |  1- 3 |  4- 6 || total
-------------------------+-------+-------++-------
Melee: War axe           |   166 |    93 ||   259
       Mace              |       |    59 ||    59
  Use: Scroll            |       |     7 ||     7
       Potion            |       |     4 ||     4
  Eat: Ration            |     1 |     2 ||     3
Armor: Scale mail        |    82 |    25 ||   107
       Chain mail        |       |    78 ||    78
Dodge: Dodged            |    53 |    46 ||    99
Block: Shield            |    81 |    95 ||   176
